 Dungeon Crawl Stone Soup version 0.28.0 (webtiles) character file.

Game seed: 5315767846352677789

68 Peloso the Skirmisher (level 4, 0/40 HPs)
             Began as a Minotaur Fighter on Feb 10, 2022.
             Slain by a gnoll (10 damage)
             ... on level 2 of the Dungeon.
             The game lasted 00:01:10 (838 turns).

Peloso the Skirmisher (Minotaur Fighter)             Turns: 838, Time: 00:01:11

Health: 0/40       AC:  7    Str: 20    XL:     4   Next: 1%
Magic:  3/3        EV:  9    Int:  5    God:
Gold:   10         SH:  5    Dex: 12    Spells: 3/3 levels left

rFire   . . .      SeeInvis .   a - +0 long sword
rCold   . . .      Faith    .   c - +0 buckler
rNeg    . . .      Spirit   .   b - +0 scale mail
rPois   .          Reflect  .   (helmet restricted)
rElec   .          Harm     .   (no cloak)
rCorr   .          Rampage  .   (no gloves)
Will    .....                   (no boots)
Stlth   ..........              (no amulet)
HPRegen 0.13/turn               (no ring)
MPRegen 0.08/turn               (no ring)

@: no status effects
A: horns 2, retaliatory headbutt
a: no special abilities


You were on level 2 of the Dungeon.
You visited 1 branch of the dungeon, and saw 2 of its levels.

You collected 10 gold pieces.

Inventory:

Hand Weapons
 a - a +0 long sword (weapon)
Armour
 b - a +0 scale mail (worn)
 c - a +0 buckler (worn)
Scrolls
 e - a scroll of teleportation {unknown}
 f - 2 scrolls of fog {unknown}
Potions
 d - a potion of might


   Skills:
 + Level 4.3 Fighting
 + Level 3.5 Long Blades
 + Level 4.3 Armour
 + Level 0.5 Dodging
 + Level 4.0 Shields


You had 3 spell levels left.
You didn't know any spells.
Your spell library contained the following spells:

 Spells                   Type           Power      Damage    Failure   Level
 Stone Arrow              Conj/Erth      0%         3d7       99%         3
 Animate Armour           Summ/Erth      0%         N/A       100%        4
 Lehudib's Crystal Spear  Conj/Erth      0%         10d2      100%        8


Dungeon Overview and Level Annotations

Branches:
Dungeon (2/15)

Altars:

Shops:
D:1 [


Innate Abilities, Weirdness & Mutations

You have a pair of horns on your head.
You reflexively headbutt those who attack you in melee.


Message History

The gnoll is lightly wounded.
You block the gnoll's attack. The gnoll hits you with a +0 spear!
You closely miss the gnoll.
The gnoll is lightly wounded.
The gnoll hits you but does no damage.
You barely miss the gnoll.
The gnoll is lightly wounded.
The gnoll hits you with a +0 spear.
You barely miss the gnoll.
The gnoll is lightly wounded.
You block the gnoll's attack.
You slash the gnoll!
The gnoll is almost dead.
The gnoll hits you with a +0 spear.
You slash the gnoll!
You kill the gnoll!
The gnoll closely misses you.
You have reached level 4!
You feel agile.
You closely miss the gnoll.
You headbutt the gnoll, but do no damage.
The gnoll closely misses you.
You hit the gnoll but do no damage. Your headbutt misses the gnoll.
The gnoll closely misses you. You furiously retaliate!
You headbutt the gnoll! The gnoll hits you with a +0 flail.
You barely miss the gnoll. Your headbutt misses the gnoll.
The gnoll is severely wounded.
The gnoll hits you but does no damage.
You barely miss the gnoll.
You headbutt the gnoll, but do no damage.
The gnoll is severely wounded.
You block the gnoll's attack.
You barely miss the gnoll.
The gnoll is severely wounded.
The gnoll hits you with a +0 flail.
* * * LOW HITPOINT WARNING * * *
You barely miss the gnoll.
The gnoll is severely wounded.
The gnoll hits you with a +0 flail!
You die...

#.# #..#
#######.######.#
#.........††..<#
#######.######........
####.######......<.
#........(..#######
####.######## #)# #@#
######g#####..#
#............#
#.####.##########
#.####.# #>...#
#......### #....#
####.....###....#
#......K##.†).#
#..........w†..#


You could see a gnoll.

Vanquished Creatures
  3 gnolls
  2 adders (D:2)
  A dart slug (D:1)
  3 goblins
  3 hobgoblins (D:1)
  2 jackals (D:2)
  3 kobolds
  A ball python (D:2)
  A bat (D:1)
  2 frilled lizards (D:1)
  A rat (D:1)
22 creatures vanquished.

Notes
Turn   | Place    | Note
-------+----------+-------------------------------------------
     0 | D:1      | Peloso the Minotaur Fighter began the quest for the Orb.
     0 | D:1      | Reached XP level 1. HP: 19/19 MP: 0/0
   114 | D:1      | Found a faded altar of an unknown god.
   260 | D:1      | Reached XP level 2. HP: 27/27 MP: 1/1
   319 | D:1      | Found Izoituy's Antique Armour Shop.
   735 | D:2      | Reached XP level 3. HP: 29/33 MP: 2/2
   833 | D:2      | Reached XP level 4. HP: 17/40 MP: 3/3
   838 | D:2      | Slain by a gnoll

Illustrated notes

Levels and vault maps discovered:
D:1:      heliophobic_arrival_enchanted_forest, layout_basic,
          shapermc_ecumenical_altar_venn, serial_shops, shop,
          nicolae_concentric_dashed_squares_mild
D:2:      cheibrodos_fertilizer, layout_rooms, minmay_tromino_mix6

Skill      XL: |  1  2 |
---------------+-------+-----
Armour         | 4 |  4.3
Fighting       | 4 |  4.3
Shields        | 4 |  4.0
Long Blades    | 3 |  3.5
Dodging        | |  0.5

Action                   |  1- 3 |  4- 6 || total
-------------------------+-------+-------++-------
Melee: Long sword        |    63 |     6 ||    69
       Headbutt          |     2 |     2 ||     4
Armor: Scale mail        |    26 |     1 ||    27
Dodge: Dodged            |    34 |     2 ||    36
Block: Buckler           |    19 |     1 ||    20
